 Dungeon Crawl Stone Soup version 0.29.1-12-g30fa7ad0bf (webtiles) character file.

Game seed: 13413832486602167348

220941 JayGG the Peltast (level 18, -30/170 HPs)
             Began as a Minotaur Berserker on Dec 31, 2022.
             Was a High Priest of Trog.
             Killed from afar by a deep elf annihilator (49 damage)
             ... with a poison arrow
             ... on level 3 of the Elven Halls on Jan 2, 2023.
             The game lasted 03:29:12 (47668 turns).

JayGG the Peltast (Minotaur Berserker)             Turns: 47668, Time: 03:29:13

Health: -30/170    AC: 32    Str: 26    XL:     18   Next: 49%
Magic:  17/17      EV:  8    Int:  4    God:    Trog [*****.]
Gold:   878        SH: 33    Dex: 14    Spells: 17/17 levels left

rFire   + + .      SeeInvis +   d - +5 war axe (distort)
rCold   . . .      Faith    .   K - +18 shield of the Gong {rElec rN+ Will+ EV-5}
rNeg    + . .      Spirit   .   I - +1 plate armour
rPois   .          Reflect  .   n - +2 hat
rElec   +          Harm     .   J - +2 cloak of the Big Bang {*Slow rCorr Slay+5 Stlth+}
rCorr   +          Rampage  .   f - +2 pair of gloves
Will    ++...                   Y - +2 pair of boots
Stlth   ..........              o - amulet of regeneration
HPRegen 1.18/turn               Q - ring "Jevixoxt" {Wiz rF++ SInv}
MPRegen 0.15/turn               w - +4 ring of slaying

@: mighty, lethally poisoned (-30 -> -53), on berserk cooldown, slowed,
invisible, very slow
A: horns 2, retaliatory headbutt
}: 1/15 runes: decaying
a: Renounce Religion, Berserk, Trog's Hand, Brothers in Arms


You were on level 3 of the Elven Halls.
You worshipped Trog.
Trog was extremely pleased with you.
You visited 7 branches of the dungeon, and saw 31 of its levels.
You also visited: Sewer.

You collected 2800 gold pieces.
You spent 1922 gold pieces at shops.

Inventory:

Hand Weapons
 d - a +5 war axe of distortion (weapon)
 i - a +5 battleaxe of electrocution
 v - a +2 hand axe of draining
 E - a +3 war axe of freezing
 N - the +8 trident of the Octopus King {venom, rElec rPois}
   (You found it on level 5 of the Lair of Beasts)

   It poisons the flesh of those it strikes.
   rElec:     It insulates you from electricity.
   rPois:     It protects you from poison.
 W - the +8 long sword of Hehyhuf {elec, rF+}
   (You found it on level 1 of the Elven Halls)

   It occasionally discharges a powerful burst of electricity upon striking a
   foe.
   rF:        It protects you from fire.
Missiles
 H - a throwing net (quivered)
Armour
 f - a +2 pair of gloves (worn)
 n - a +2 hat (worn)
 I - a +1 plate armour (worn)
 J - the +2 cloak of the Big Bang (worn) {*Slow rCorr Slay+5 Stlth+}
   (You found it on level 13 of the Dungeon)

   Slay:      It affects your accuracy & damage with ranged weapons and melee
   (+5).
   rCorr:     It protects you from acid and corrosion.
   *Slow:     It may slow you when you take damage.
   Stlth:     It makes you more stealthy.
 K - the +18 shield of the Gong (worn) {rElec rN+ Will+ EV-5}
   (You found it on level 10 of the Dungeon)

   It is deafeningly noisy when blocking attacks.
   EV:        It affects your evasion (-5).
   rElec:     It insulates you from electricity.
   rN:        It protects you from negative energy.
   Will:      It increases your willpower.
 Y - a +2 pair of boots (worn)
Jewellery
 o - an amulet of regeneration (around neck)
 w - a +4 ring of slaying (right hand)
 Q - the ring "Jevixoxt" (left hand) {Wiz rF++ SInv}
   (You found it on level 12 of the Dungeon)

   [ring of wizardry]

   It improves your spell success rate.
   rF:        It greatly protects you from fire.
   SInv:      It lets you see invisible.
Wands
 g - a wand of flame (25)
 x - a wand of iceblast (1)
 y - a wand of digging (4)
 z - a wand of polymorph (5)
 B - a wand of mindburst (19)
 O - a wand of paralysis (6)
 U - a wand of quicksilver (6)
Scrolls
 b - 4 scrolls of magic mapping
 p - 2 scrolls of summoning
 s - a scroll of silence
 t - a scroll of brand weapon
 D - a scroll of fear
 S - 4 scrolls of butterflies
 V - a scroll of enchant weapon
Potions
 c - 5 potions of cancellation
 h - 2 potions of might
 j - 7 potions of magic
 l - 2 potions of haste
 u - 5 potions of flight
 A - 6 potions of ambrosia
 C - 3 potions of lignification
 F - 4 potions of berserk rage
 M - 2 potions of brilliance
 R - 2 potions of curing
Miscellaneous
 a - a lightning rod (3/4)
 r - a lightning rod (3/4)
 L - a piece from Xom's chessboard (15/15)
 Z - a phial of floods


   Skills:
 * Level 17.5 Fighting
 - Level 16.0 Axes
 * Level 18.5 Armour
 + Level 13.9 Dodging
 * Level 19.0 Shields
 * Level 12.3 Evocations


You had 17 spell levels left.
You didn't know any spells.
Your spell library was empty.

Dungeon Overview and Level Annotations

Branches:
Dungeon (15/15)            Temple (1/1) D:7            Lair (5/5) D:10
  Swamp (4/4) Lair:2       Spider (0/4) Lair:3        Slime (0/5) Lair:4
    Orc (2/2) D:9             Elf (3/3) Orc:2        Vaults (1/5) D:13
 Depths (0/4) D:15          Sewer (visited)

Altars:
Ashenzari
Cheibriados
Dithmenos
Elyvilon
Fedhas
Gozag
Hepliaklqana
Kikubaaqudgha
Makhleb
Nemelex Xobeh
Okawaru
Qazlal
Ru
Sif Muna
Trog
Uskayaw
Vehumet
Wu Jian
Xom
Yredelemnul
Zin
The Shining One
Jiyva

Shops:
D:4 [*   D:5 (   D:7 !   D:8 (   D:12 (   Orc:1 *   Orc:2 (([?   Elf:1 [
Elf:2 *   Elf:3 *

Annotations:
Abyss:1 Rupert; Uckue's ghost, journeyman DECj


Innate Abilities, Weirdness & Mutations

You have a pair of horns on your head.
You reflexively headbutt those who attack you in melee.


Message History

Press: ? - help, Dir - move target, f/p - deep elf blademaster
Aim: a deep elf blademaster, wielding two +0 rapiers, wearing a +0 leather armour and wearing a ring of positive energy (almost dead, unable to see you, about 49% to evade your +5 war axe of distortion)
You catch the helpless deep elf blademaster completely off-guard!
You slice the deep elf blademaster!!
You kill the deep elf blademaster!
Trog accepts your kill.
You feel sick.
The deep elf archer points at you and mumbles some strange words.
You resist with almost no effort.
The deep elf demonologist mumbles some strange words.
The deep elf annihilator points at you and mumbles some strange words.
The bolt of lightning hits you! You resist.
* * * LOW HITPOINT WARNING * * *
Cleave: d) +5 war axe (distort)
Press: ? - help, Dir - move target, f - you
Okay, then.
You are no longer berserk.
You are exhausted.
You feel yourself slow down.
You feel sick.
The deep elf sorcerer points at you and mumbles some strange words.
You easily resist.
Items here: ))) ††.
You feel better.
You block the deep elf sorcerer's attack.
SHROANNG!
You block the deep elf annihilator's attack.
GONNNNG!
The deep elf archer shoots an arrow.
The arrow barely misses the deep elf annihilator.
The arrow hits the deep elf annihilator!
The deep elf annihilator mumbles some strange words.
The deep elf annihilator blinks!
The deep elf sorcerer hits you but does no damage.
Space warps around you.
* * * LOW HITPOINT WARNING * * *
The deep elf demonologist casts a spell.
The deep elf annihilator casts a spell at you.
The poison arrow hits you!!!
You are lethally poisoned!
You die...

#..# ###### ##.####
#.e# #...... #..# ##
##.####
##.###§.###.## #.# #
##...##..##.).## #.#
# ##.....#..#)!e..##
#.# #
##...#...e.)).#...##
#<# #
#...###..§.).###...#
##.# #
#...#.....)@)#...##
#..#
#........§ee...##
##.##
#.....e......##
#..## ##....4ee3..##
#.#.## ##........##
#.##.# .....2....
#.###. ..........
#[#### ............
#..# # .#..e.(e..
##..##


You could see a balrug (summoned), 3 deep elf annihilators, a deep elf sorcerer
(fast, empowered), a soul eater (summoned), a deep elf demonologist (empowered),
a deep elf archer (empowered, repels missiles, unable to see you), a deep elf
high priest (brilliance aura, unable to see you) and an ice devil (summoned,
unable to see you).

Vanquished Creatures
  Jorgrun (Orc:2)
  A hellephant (Elf:1)
  A deep elf master archer (Elf:3)
  3 deep elf blademasters
  A fire giant (Swamp:2)
  An emperor scorpion (shapeshifter) (Elf:1)
  3 deep elf sorcerers (Elf:3)
  Louise (Elf:3)
  An ironbound preserver (D:13)
  3 deep elf elementalists (Elf:3)
  3 ghouls
  A very ugly thing (Elf:1)
  3 deep elf demonologists
  3 deep elf annihilators (Elf:3)
  2 eleionomae (Swamp:4)
  2 bunyips
  2 deep elf death magi (Elf:3)
  17 hydras
  Fannar (D:10)
  3 deep elf high priests (Elf:3)
  3 vault guards (D:12)
  A shambling mangrove (Swamp:4)
  2 boulder beetles (D:15)
  A great orb of eyes (Swamp:3)
  A rakshasa (D:15)
  A spriggan air mage (Swamp:1)
  2 ghost crabs
  A death knight (D:14)
  An ogre mage (D:15)
  An anaconda (Swamp:4)
  Erica (Lair:2)
  7 centaur warriors
  A death yak (Lair:2)
  7 two-headed ogres
  24 dancing weapons
  7 alligators
  A tengu warrior (D:12)
  Sonja (D:11)
  An orc high priest (Elf:1)
  17 deep elf knights
  A fire crab (shapeshifter) (D:12)
  3 goliath frogs
  A sea snake (Lair:4)
  2 deep trolls (D:13)
  5 skeletal warriors
  8 bog bodies
  5 spriggan druids
  5 large abominations (D:9)
  11 deep elf archers
  3 swamp dragons
  3 harpies (Lair:5)
  18 deep elf zephyrmancers
  A phantasmal warrior (D:14)
  A wizard (D:9)
  Pikel (D:4)
  9 orc knights (Orc:2)
  3 orc sorcerers (Orc:2)
  A shining eye (shapeshifter) (D:15)
  28 deep elf pyromancers
  12 ugly things (D:15)
  A will-o-the-wisp (Swamp:4)
  An oklob plant (Orc:1)
  A moth of wrath (Swamp:3)
  2 manticores
  2 cyclopes
  2 elephants
  A moth of wrath (shapeshifter) (D:14)
  An ice statue (Lair:2)
  5 black mambas
  Joseph (D:9)
  A vault sentinel (D:10)
  3 gargoyles
  11 cane toads
  3 freezing wraiths
  4 rime drakes
  6 komodo dragons
  2 unseen horrors
  2 efreet (D:15)
  An ice devil (Lair:2)
  9 polar bears
  6 trolls
  8 tyrant leeches
  19 blink frogs
  A wolf spider simulacrum (D:14)
  2 hornets
  9 slime creatures
  Prince Ribbit (D:9)
  16 dream sheep
  A snapping turtle (Lair:5)
  A jumping spider (shapeshifter) (Elf:1)
  A centaur simulacrum (D:14)
  2 spriggans (Swamp:4)
  3 hogs (Swamp:2)
  A shadow (D:10)
  61 yaks
  3 water elementals
  2 fire elementals
  5 wraiths
  7 wyverns
  3 steam dragons
  12 wargs
  18 vampire mosquitoes
  3 basilisks
  16 swamp worms
  11 water moccasins
  Duvessa (D:7)
  A floating eye (Swamp:4)
  An acid dragon (D:10)
  A meliai simulacrum (D:14)
  3 swamp drakes
  3 black bears
  A swamp drake (shapeshifter) (Elf:1)
  41 orc warriors
  3 ice beasts
  2 sky beasts
  10 ogres
  21 wolves
  A tengu (shapeshifter) (D:12)
  14 centaurs
  2 lemures (D:4)
  A phantom (D:5)
  7 small abominations (D:9)
  20 bullfrogs
  3 kobold brigands
  2 necrophages
  2 earth elementals
  A two-headed ogre simulacrum (Lair:2)
  A gnoll sergeant (D:6)
  3 scorpions
  2 wights (D:7)
  Dowan (D:7)
  11 killer bees
  A killer bee (shapeshifter) (Elf:1)
  5 electric eels
  4 howler monkeys
  4 jellies
  14 orc priests
  A gnoll bouda (Orc:2)
  Ijyb (D:3)
  5 iguanas
  14 orc wizards
  A troll simulacrum (Lair:2)
  A spriggan simulacrum (Lair:2)
  8 gnolls
  7 adders
  2 shadow imps
  6 white imps
  An ufetubus (D:5)
  An adder zombie (D:2)
  2 dart slugs
  68 orcs
  7 bats
  3 bat skeletons (D:2)
  2 bat zombies (D:2)
  3 endoplasms
  4 giant cockroaches
  8 goblins
  8 hobgoblins
  14 jackals
  3 quokkas
  4 ball pythons
  2 ball python skeletons (D:2)
  4 frilled lizards
  25 kobolds
  5 rats
923 creatures vanquished.

Vanquished Creatures (collateral kills)
  A deep elf sorcerer (Elf:3)
  6 very ugly things (Elf:1)
  A bunyip (Swamp:3)
  A hydra (Swamp:3)
  A dancing weapon (Elf:3)
10 creatures vanquished.

Vanquished Creatures (others)
  A deep elf death mage (Elf:3)
  A deep elf knight (Elf:1)
  A deep elf pyromancer (Elf:1)
  A moth of wrath (Swamp:4)
  3 bloated husks (Swamp:3)
  A queen bee (Swamp:4)
  An air elemental (Elf:3)
  A swamp worm (Swamp:4)
  A swamp drake (Swamp:3)
  4 foxfires (Swamp:4)
  48 fungi
  84 plants
147 creatures vanquished.

Grand Total: 1080 creatures vanquished

Notes
Turn   | Place    | Note
-------+----------+-------------------------------------------
     0 | D:1      | JayGG the Minotaur Berserker began the quest for the Orb.
     0 | D:1      | Reached XP level 1. HP: 19/19 MP: 0/0
   116 | D:1      | Reached XP level 2. HP: 24/26 MP: 1/1
   608 | D:1      | Reached skill level 5 in Axes
   958 | D:1      | Identified a scroll of acquirement
   958 | D:1      | Acquired a +2 war axe of distortion
  1085 | D:2      | Reached XP level 3. HP: 30/31 MP: 2/2
  1105 | D:2      | Reached ** piety under Trog
  1312 | D:2      | Reached XP level 4. HP: 29/39 MP: 3/3
  1661 | D:3      | Noticed Ijyb
  1665 | D:3      | Killed Ijyb
  1696 | D:3      | Found a glowing drain.
  2358 | Sewer    | Entered a sewer
  2427 | Sewer    | Noticed a water moccasin
  2435 | Sewer    | Killed a water moccasin
  2436 | Sewer    | Reached XP level 5. HP: 15/45 MP: 4/4
  3350 | D:4      | Noticed a black bear
  3360 | D:4      | Killed a black bear
  3361 | D:4      | Reached XP level 6. HP: 42/51 MP: 5/5
  3652 | D:4      | Noticed Pikel
  3660 | D:4      | Killed Pikel
  3661 | D:4      | Reached skill level 10 in Axes
  3661 | D:4      | Reached XP level 7. HP: 57/57 MP: 6/6
  4147 | D:4      | Found Wucob's Antique Armour Shop.
  4183 | D:4      | Found Pionlepp's Fire Supplies.
  4711 | D:5      | Entered Level 5 of the Dungeon
  5158 | D:5      | Reached XP level 8. HP: 55/64 MP: 7/7
  5363 | D:5      | Reached *** piety under Trog
  5520 | D:4      | Bought a pair of gloves for 90 gold pieces
  5520 | D:4      | Bought a glowing cloak for 150 gold pieces
  5848 | D:5      | Found a stormy altar of Qazlal.
  5876 | D:5      | Found a bloodstained altar of Trog.
  5980 | D:5      | Found Opomn's Antique Weapon Shop.
  6825 | D:6      | Reached XP level 9. HP: 53/72 MP: 8/8
  7467 | D:7      | Noticed Duvessa
  7467 | D:7      | Noticed Dowan
  7470 | D:7      | Killed Duvessa
  7473 | D:7      | Killed Dowan
  7548 | D:7      | Reached skill level 5 in Fighting
  7988 | D:7      | Reached **** piety under Trog
  8156 | D:7      | Found Woegosch's Distillery.
  8271 | D:7      | Bought a potion of heal wounds for 65 gold pieces
  8417 | D:7      | Found a staircase to the Ecumenical Temple.
  8810 | D:8      | Found Icwucw's Antique Weapon Boutique.
  8839 | D:8      | Noticed a cyclops
  8843 | D:8      | Reached skill level 5 in Armour
  8849 | D:8      | Killed a cyclops
  8853 | D:8      | Reached skill level 5 in Dodging
  9087 | D:8      | Reached XP level 10. HP: 57/84 MP: 9/9
  9814 | D:9      | Reached skill level 15 in Axes
  9876 | D:9      | Noticed Joseph
  9910 | D:9      | Killed Joseph
 10021 | D:9      | Noticed Prince Ribbit
 10029 | D:9      | Killed Prince Ribbit
 10530 | D:9      | Found a staircase to the Orcish Mines.
 10578 | D:9      | Noticed a wizard
 10586 | D:9      | Killed a wizard
 10772 | D:9      | Noticed a large abomination
 10772 | D:9      | Noticed a large abomination
 10772 | D:9      | Noticed a large abomination
 10776 | D:9      | Killed a large abomination
 10777 | D:9      | Killed a large abomination
 10881 | D:9      | Noticed a large abomination
 10892 | D:9      | Killed a large abomination
 10893 | D:9      | Reached XP level 11. HP: 94/94 MP: 10/10
 10905 | D:9      | Killed a large abomination
 11068 | D:9      | Identified the +0 plate armour of Itonauk {MP+9 Int-2
                  | Stlth+}
 11078 | D:9      | Identified the +1 leather armour of Ashenzari {rPois rF+
                  | rN+ Dex+3}
 15688 | D:10     | Entered Level 10 of the Dungeon
 15763 | D:10     | Noticed a two-headed ogre
 15768 | D:10     | Killed a two-headed ogre
 15853 | D:10     | Reached skill level 1 in Evocations
 15884 | D:10     | Found the +18 shield of the Gong {rElec rN+ Will+ EV-5}
 16216 | D:10     | Found a staircase to the Lair.
 16906 | D:11     | Noticed Fannar
 17185 | D:10     | Killed Fannar
 17938 | D:11     | Noticed a deep elf pyromancer
 18053 | D:11     | Noticed a boulder beetle
 18058 | D:10     | Killed a deep elf pyromancer
 18192 | D:10     | Reached skill level 10 in Fighting
 18195 | D:10     | Banished a boulder beetle
 18395 | D:11     | Noticed Sonja
 18407 | D:11     | Killed Sonja
 18408 | D:11     | Reached skill level 1 in Shields
 18408 | D:11     | Reached XP level 12. HP: 98/106 MP: 11/11
 18524 | D:11     | Noticed a two-headed ogre
 18534 | D:11     | Killed a two-headed ogre
 18535 | D:11     | Reached skill level 10 in Armour
 18535 | D:11     | Reached skill level 2 in Shields
 18575 | D:11     | Reached skill level 3 in Shields
 19437 | D:12     | Identified the ring "Jevixoxt" {Wiz rF++ SInv}
 19596 | D:12     | Found Wyngud's Weapon Shoppe.
 19628 | D:12     | Reached skill level 4 in Shields
 19724 | D:12     | Reached skill level 5 in Evocations
 19821 | D:13     | Noticed a centaur warrior
 19834 | D:13     | Killed a centaur warrior
 19836 | D:13     | Noticed a two-headed ogre
 19847 | D:12     | Killed a two-headed ogre
 19848 | D:12     | Reached skill level 5 in Shields
 19881 | D:13     | Noticed a centaur warrior
 19886 | D:13     | Noticed a tengu warrior
 19893 | D:12     | Killed a centaur warrior
 20010 | D:12     | Killed a tengu warrior
 20038 | D:13     | Noticed a centaur warrior
 20193 | D:12     | Killed a centaur warrior
 20194 | D:12     | Reached skill level 6 in Shields
 20649 | D:13     | Noticed a vault guard
 20659 | D:12     | Killed a vault guard
 20699 | D:13     | Noticed a vault guard
 20720 | D:12     | Killed a vault guard
 20721 | D:12     | Reached skill level 10 in Dodging
 20721 | D:12     | Reached skill level 7 in Shields
 20731 | D:13     | Noticed a centaur warrior
 20731 | D:13     | Noticed a two-headed ogre
 20767 | D:12     | Killed a two-headed ogre
 20876 | D:13     | Noticed a centaur warrior
 20946 | D:12     | Reached XP level 13. HP: 88/116 MP: 12/12
 21582 | D:13     | Reached skill level 8 in Shields
 21635 | D:13     | Found a gate to the Vaults.
 22040 | D:13     | Found a runed translucent door.
 22043 | D:13     | Noticed Uckue's ghost (journeyman DECj)
 22273 | D:13     | Banished Uckue's ghost
 22282 | D:13     | Identified the +2 cloak of the Big Bang {*Slow rCorr Slay+5
                  | Stlth+}
 22414 | D:14     | Reached skill level 9 in Shields
 22557 | D:14     | Found a frozen archway.
 22577 | D:14     | Found an ornate altar of the Wu Jian Council.
 23006 | D:14     | Reached skill level 10 in Shields
 23407 | D:15     | Entered Level 15 of the Dungeon
 23753 | D:15     | Noticed Rupert
 23759 | D:15     | Banished Rupert
 23776 | D:15     | Reached XP level 14. HP: 127/127 MP: 13/13
 23913 | D:15     | Found a staircase to the Depths.
 24123 | D:15     | Reached skill level 11 in Shields
 25467 | D:15     | Reached skill level 12 in Shields
 25487 | D:15     | Found a sparkling altar of Nemelex Xobeh.
 26325 | Temple   | Entered the Ecumenical Temple
 26721 | D:4      | Bought a wand of flame (6) for 58 gold pieces
 26721 | D:4      | Bought a wand of flame (14) for 137 gold pieces
 27069 | Orc:1    | Entered Level 1 of the Orcish Mines
 27069 | Orc:1    | Found a bloodstained altar of Trog.
 27137 | Orc:1    | Found Itigonof's General Store.
 27156 | Orc:1    | Bought a potion of heal wounds for 70 gold pieces
 27156 | Orc:1    | Bought a potion of heal wounds for 70 gold pieces
 27498 | Orc:1    | Bought a lightning rod (2/4) for 420 gold pieces
 27616 | Orc:2    | Entered Level 2 of the Orcish Mines
 27865 | Orc:2    | Noticed Jorgrun
 27880 | Orc:2    | Killed Jorgrun
 27881 | Orc:2    | Reached ***** piety under Trog
 27888 | Orc:2    | Reached skill level 13 in Shields
 28248 | Orc:2    | Found a staircase to the Elven Halls.
 28297 | Orc:2    | Found Ifatiem's Antique Weapon Boutique.
 28297 | Orc:2    | Found Jeutili's Weapon Emporium.
 28518 | Orc:2    | Found Ehock's Magic Scroll Emporium.
 28518 | Orc:2    | Found Sibies Mofa's Armour Boutique.
 28523 | Orc:2    | Bought a scroll of identify for 26 gold pieces
 28523 | Orc:2    | Bought a scroll of identify for 26 gold pieces
 28536 | Orc:2    | Bought a +2 pair of gloves for 198 gold pieces
 28742 | Elf:1    | Entered Level 1 of the Elven Halls
 28786 | Elf:1    | Found a radiant altar of Vehumet.
 28798 | Elf:1    | Noticed an Ice Fiend
 28825 | Elf:1    | Reached XP level 15. HP: 40/136 MP: 14/14
 29414 | D:7      | Bought a potion of might for 52 gold pieces
 29414 | D:7      | Bought a potion of haste for 130 gold pieces
 29552 | Lair:1   | Entered Level 1 of the Lair of Beasts
 29714 | Lair:1   | You fall into a shaft and drop 1 floor!
 29757 | Lair:2   | Noticed Erica
 29770 | Lair:2   | Killed Erica
 30070 | Lair:2   | Reached skill level 14 in Shields
 30423 | Lair:2   | Found a staircase to the Swamp.
 30802 | Lair:2   | Identified the +4 ring mail "Fazilaf" {Dex+4}
 30920 | Lair:3   | Found a hole to the Spider Nest.
 31168 | Lair:3   | Found the +9 scales of the Dragon King {rPois rF+ rC+
                  | Will+}
 31550 | Lair:4   | Received a gift from Trog
 31578 | Lair:4   | Identified the +2 robe "Kegaepuets" {Rampage rC+ rN++}
 31723 | Lair:4   | Found a staircase to the Slime Pits.
 31723 | Lair:4   | Found a viscous altar of Jiyva.
 32349 | Lair:5   | Entered Level 5 of the Lair of Beasts
 32649 | Lair:4   | Reached skill level 15 in Shields
 33106 | Lair:5   | Reached XP level 16. HP: 147/147 MP: 15/15
 33259 | Lair:5   | Found the +8 trident of the Octopus King {venom, rElec
                  | rPois}
 34628 | Lair:1   | Reached skill level 15 in Armour
 34660 | Lair:1   | Reached ****** piety under Trog
 34939 | Swamp:1  | Entered Level 1 of the Swamp
 34939 | Swamp:1  | You fall into a shaft and drop 1 floor!
 34939 | Swamp:2  | Noticed Kirke
 34940 | Swamp:2  | Noticed Kirke
 34940 | Swamp:2  | Kirke changed into Kirke the fire giant
 34951 | Swamp:2  | Killed Kirke the fire giant
 35805 | Swamp:1  | Received a gift from Trog
 35826 | Swamp:1  | Reached skill level 15 in Fighting
 36162 | Swamp:2  | Reached skill level 16 in Shields
 36162 | Swamp:2  | Reached skill level 10 in Evocations
 36737 | Swamp:4  | Entered Level 4 of the Swamp
 39949 | Swamp:4  | Reached skill level 17 in Shields
 39977 | Swamp:4  | Paralysed by a floating eye for 3 turns
 42255 | Swamp:3  | Reached XP level 17. HP: 126/156 MP: 16/16
 42409 | Swamp:4  | Got a decaying rune of Zot
 43046 | Vaults:1 | Entered Level 1 of the Vaults
 43704 | Elf:1    | Received a gift from Trog
 43897 | Elf:1    | Identified the +8 long sword of Hehyhuf {elec, rF+}
 43911 | Elf:1    | Found a huge runed gate.
 43911 | Elf:1    | Found a huge runed gate.
 43911 | Elf:1    | Found a huge runed gate.
 43911 | Elf:1    | Found a huge runed gate.
 43911 | Elf:1    | Found a huge runed gate.
 43912 | Elf:1    | Found a huge runed gate.
 43914 | Elf:1    | Found a huge runed gate.
 43914 | Elf:1    | Found a huge runed gate.
 43915 | Elf:1    | Found a huge runed gate.
 43918 | Elf:1    | Found a huge runed gate.
 43918 | Elf:1    | Found a huge runed gate.
 43918 | Elf:1    | Found a huge runed gate.
 43918 | Elf:1    | Found a huge runed gate.
 43918 | Elf:1    | Found a huge runed gate.
 43918 | Elf:1    | Found a huge runed gate.
 43919 | Elf:1    | Found a huge runed gate.
 43920 | Elf:1    | Found a huge runed gate.
 43921 | Elf:1    | Found a huge runed gate.
 43929 | Elf:1    | Found a huge runed gate.
 43929 | Elf:1    | Found a huge runed gate.
 43929 | Elf:1    | Found a huge runed gate.
 43929 | Elf:1    | Found a huge runed gate.
 43929 | Elf:1    | Found a huge runed gate.
 43929 | Elf:1    | Found a huge runed gate.
 43930 | Elf:1    | Found a huge runed gate.
 43937 | Elf:1    | Found Samn's Armour Emporium.
 43942 | Elf:1    | Bought a +2 pair of boots for 280 gold pieces
 44079 | Elf:1    | Found a huge runed gate.
 44079 | Elf:1    | Found a huge runed gate.
 44079 | Elf:1    | Found a huge runed gate.
 44079 | Elf:1    | Found a huge runed gate.
 44079 | Elf:1    | Found a huge runed gate.
 44079 | Elf:1    | Found a huge runed gate.
 44081 | Elf:1    | Found a huge runed gate.
 44082 | Elf:1    | Found a huge runed gate.
 44084 | Elf:1    | Found a huge runed gate.
 44084 | Elf:1    | Found a huge runed gate.
 44090 | Elf:1    | Found a huge runed gate.
 44288 | Elf:1    | Noticed a hellephant
 44288 | Elf:1    | Noticed a hellephant
 44636 | Elf:1    | Banished a hellephant
 44938 | Elf:1    | Reached skill level 18 in Shields
 44997 | Elf:1    | Killed a hellephant
 45301 | Elf:2    | Found a runed translucent gate.
 45302 | Elf:2    | Found a runed translucent gate.
 45302 | Elf:2    | Found a runed translucent gate.
 45529 | Elf:2    | Found Luqeh's Assorted Antiques.
 46075 | Elf:2    | Bought a potion of heal wounds for 150 gold pieces
 46407 | Elf:2    | Identified the +3 war axe of the Incandescent {flame,
                  | Stlth+} (Trog gifted it to you on level 2 of the Elven
                  | Halls)
 46407 | Elf:2    | Received a gift from Trog
 46425 | Elf:2    | Noticed a deep elf blademaster
 46675 | Elf:2    | Reached XP level 18. HP: 140/168 MP: 17/17
 47084 | Elf:3    | Entered Level 3 of the Elven Halls
 47146 | Elf:3    | Noticed Louise
 47162 | Elf:3    | Killed Louise
 47171 | Elf:3    | Identified the +7 hand axe of Yjobleel {vorpal, rPois rCorr
                  | Str-2 Dex+4} (Trog gifted it to you on level 3 of the Elven
                  | Halls)
 47171 | Elf:3    | Received a gift from Trog
 47266 | Elf:3    | Found Sexze's Assorted Antiques.
 47662 | Elf:3    | Reached skill level 19 in Shields
 47668 | Elf:3    | Killed from afar by a deep elf annihilator

Illustrated notes

Levels and vault maps discovered:
D:1:      grunt_arrival_lava_bath, layout_loops_ring, skrybe_limestone_x,
          chequers_serial_rivers_large_b
D:2:      minmay_spotlight, layout_rooms, serial_undead, serial_undead_c,
          serial_undead_c, serial_undead_f, serial_undead_f
D:3:      layout_basic, portal_sewer_entry_a, uniq_ijyb
D:4:      corexii_shack_village, layout_loops_ring, serial_shops,
          nicolae_shop_advertising_works [nicolae_subvault_shop_adworks],
          chequers_big_river, nicolae_shop_fire_sale [nicolae_sub_dead_trees],
          uniq_pikel
D:5:      layout_basic, mainiacjoe_overflow_big_doors, serial_shops,
          nicolae_shop_temple_entry_statues_fountains, hex_tiny
D:6:      minmay_angry_zag, layout_rooms
D:7:      layout_layer_cave, temple_doors_e, serial_shops,
          nicolae_shop_waterfront, uniq_duvessa
D:8:      layout_basic, nicolae_stop_n_shop_2, sigmund_army
D:9:      layout_basic, david_orc_4, laboratory, uniq_joseph,
          uniq_prince_ribbit1
D:10:     layout_irregular_city, erik_lair_orcish_takeover,
          hellmonk_guarded_unrand_gong
D:11:     minmay_skewed_foursquare, layout_long_grid, uniq_sonja, uniq_fannar
D:12:     layout_roguey, serial_shops, nicolae_lakefront_shop
D:13:     layout_cave_pools, lightli_vaults_fourway_checkpoint,
          gammafunk_ghost_grave, serial_column_ruins, column_ruins_open_tiny,
          column_ruins_open_tiny, column_ruins_grid_1,
          column_ruins_columns_corner, column_ruins_open_small,
          column_ruins_corridor_corner, nicolae_figureground_sparkle
D:14:     layout_roguey, serial_ice, serial_ice_j, serial_ice_b, serial_ice_h,
          serial_ice_g, portal_ice_cave_entry_frozen_things,
          nzn_wu_jian_contemplation
D:15:     gammafunk_enter_depths_forms, layout_stronghold,
          nemelex_spade_bored_becter, uniq_rupert
Temple:   nicolae_temple_slightly_damp_pantheon
Lair:1:   layout_roguey
Lair:2:   dreamdust_isle_of_ice, layout_regular_city, palyth_hydra_swamp_entry,
          cheibrodos_lair_lostbears, grunt_megastairs_4, uniq_erica
Lair:3:   layout_loops_ring, spider_nest_entry_web_field, serial_bayou_lagoon_a,
          grunt_megastairs_5, lemuel_fruit_tree
Lair:4:   layout_hall_layers, minmay_slime_entry_pillars
Lair:5:   gammafunk_lair_ancient_temple, layout_gridlike, serial_bayou_shore_a
Swamp:1:  layout_basic_swamp, evilmike_swamp_ruin_house_1
Swamp:2:  layout_basic_swamp, evilmike_swamp_ruin_house_5, swamp_pool1,
          nicolae_swamp_big_swirl, uniq_kirke
Swamp:3:  nicolae_swamp_husk_halls, layout_basic_swamp,
          nicolae_swamp_fairy_circle
Swamp:4:  swamp_alternative, layout_basic_swamp, infiniplex_staircase_pool
Orc:1:    layout_diamond_mine, basic_altar, serial_shops, nicolae_diamond_shop,
          mines3_lemuel
Orc:2:    st_orc_town, layout_caves, uniq_jorgrun
Elf:1:    eino_elf_arrival_altar, layout_gridlike, serial_shops,
          nicolae_shop_hallway_plus, hangedman_elven_crosses_minicolossus,
          not_door_vault_due
Elf:2:    nicolae_elf_blades_crystal_corner, layout_loops_corners, serial_shops,
          shop
Elf:3:    minmay_elf_hall_x, layout_rooms, serial_shops, shop,
          roderic_lattice_octagonal_star, uniq_louise
Vaults:1: ontoclasm_vaults_spin, v_pattern_3, vaults_room_grunt_arrival_ludios,
          nicolae_vaults_shelves_hall, v_misc_30, hangedman_vaults_restitches,
          nicolae_vaults_murderbox, vaults_room_corners,
          ontoclasm_vaults_ring_small, vaults_room_semicircle,
          vaults_room_stairs_pillars, layout_vaults_big_room

Skill      XL: |  1  2  3  4  5  6  7  8  9 10 11 12 13 14 15 16 17 18 |
---------------+-------------------------------------------------------+-----
Axes           | 4 5 7 8 10 11 13 14 16 | 16.0
Fighting       | 4 6 8 10 11 12 13 14 15 16 17 | 17.5
Armour         | 3 5 7 9 11 12 13 14 16 17 18 | 18.5
Dodging        | 3 5 7 8 10 11 12 13 | 13.9
Evocations     | 4 5 7 8 9 10 11 12 | 12.3
Shields        | 1 7 10 13 15 17 18 19 | 19.0

Action                   |  1- 3 |  4- 6 |  7- 9 | 10-12 | 13-15 | 16-18 || total
-------------------------+-------+-------+-------+-------+-------+-------++-------
Melee: Hand axe          |    45 |       |       |       |       |       ||    45
       War axe           |    29 |    44 |   179 |   298 |   846 |   776 ||  2172
       Headbutt          |     4 |     6 |    29 |    60 |   206 |   214 ||   519
       Punch             |       |       |     1 |     2 |       |       ||     3
Throw: Throwing net      |       |       |       |     1 |     3 |       ||     4
       Dart              |       |       |       |       |     3 |       ||     3
Invok: Trog's Hand       |       |     1 |     2 |     5 |    19 |    21 ||    48
       Berserk           |       |     1 |     2 |     2 |     3 |     1 ||     9
       Brothers in Arms  |       |       |       |       |       |     5 ||     5
Evoke: Wand              |       |       |     4 |    24 |    18 |    36 ||    82
       Lightning rod     |       |       |       |     7 |    16 |    18 ||    41
       Phial of floods   |       |       |       |       |       |     1 ||     1
  Use: Scroll            |     5 |     8 |     6 |    10 |     9 |    12 ||    50
       Potion            |       |       |     2 |     4 |    11 |    18 ||    35
 Stab: Sleeping          |     1 |       |       |       |       |       ||     1
       Held in net/web   |       |       |       |       |     3 |       ||     3
       Confused          |       |       |       |       |       |     1 ||     1
       Invisible         |       |       |       |       |       |     6 ||     6
Armor: Animal skin       |    13 |     1 |       |       |       |       ||    14
       Ring mail         |       |    12 |     9 |       |       |       ||    21
       Chain mail        |       |       |    59 |    17 |       |       ||    76
       Plate armour      |       |       |       |   134 |   237 |   329 ||   700
       Skin              |       |       |       |       |       |     3 ||     3
Dodge: Dodged            |    55 |    31 |    73 |   100 |   114 |   179 ||   552
Block: Kite shield       |       |       |       |   307 |  1076 |  1184 ||  2567
